 Dungeon Crawl Stone Soup version 0.24-a0-368-g0e0cebd0f3 (webtiles) character file.

Game seed: 5375136580852051089

343337 theanonym the Warrior (level 21, -14/180 HPs)
             Began as a Mummy Warper on May 29, 2019.
             Was the Champion of Okawaru.
             Killed from afar by a deep elf mage (21 damage)
             ... with a bolt of lightning
             ... on level 2 of the Elven Halls.
             The game lasted 01:56:40 (60053 turns).

theanonym the Warrior (Mummy Warper)               Turns: 60053, Time: 01:56:40

Health: -14/180    AC: 31    Str: 32    XL:     21   Next: 13%
Magic:  0/37       EV: 10    Int: 16    God:    Okawaru [******]
Gold:   3874       SH: 16    Dex:  5    Spells: 13/25 levels left

rFire    + + .     SeeInvis +   a - +6 eveningstar (flame)
rCold    + + .     Gourm    .   P - +0 shield {reflect}
rNeg     + + +     Faith    .   Q - +1 plate armour {rF+}
rPois    ∞         Spirit   +   j - +1 hat {SInv}
rElec    .         Reflect  +   J - +2 cloak
rCorr    +         Harm     .   s - +0 pair of gloves of Kuismox {MR++ Str+2 Slay+3}
MR       +++++                  p - +2 pair of boots
Stlth    ..........             A - amulet of guardian spirit
HPRegen  0.40/turn              L - ring of Piohiah {rF++ rN+ rCorr Int+2 Dex-4}
MPRegen  0.25/turn              K - ring "Geaniwan" {rC+ MR+ MP+9 Str+7 Dex-2}

@: heroism
A: no food or potions, fire vulnerability, cold resistance 1, negative energy
resistance 3, torment resistance, unbreathing, in touch with death 1
}: 2/15 runes: decaying, gossamer
a: Heroism, Finesse, Renounce Religion


Innate Abilities, Weirdness & Mutations

You do not eat or drink.
Your flesh is vulnerable to fire.
You are immune to poison.
Your flesh is cold resistant. (rC+)
You are immune to negative energy. (rN+++)
You are immune to unholy pain and torment.
You can survive without breathing.
You are in touch with the powers of death.


   Skills:
 + Level 19.1(24.1) Fighting
 - Level 16.0(21.0) Maces & Flails
 - Level 0.7(5.7) Throwing
 + Level 16.2(21.2) Armour
 - Level 1.5(6.5) Dodging
 + Level 14.1(19.1) Shields
 - Level 2.6 Spellcasting
 - Level 2.4 Translocations
 - Level 10.0 Invocations


You had 13 spell levels left.
You knew the following spells:

 Your Spells              Type           Power        Failure   Level  Hunger
e - Lesser Beckoning      Tloc           #.........   58%         3    N/A
l - Blink                 Tloc           N/A          36%         2    N/A
q - Apportation           Tloc           #.....       26%         1    N/A
t - Deflect Missiles      Chrm/Air       #.........   100%        6    N/A

Your spell library contained the following spells:

 Spells                   Type           Power        Failure   Level  Hunger
 Shroud of Golubria       Chrm/Tloc      #.........   54%         2    N/A
 Animate Skeleton         Necr           N/A          56%         1    N/A
 Corona                   Hex            #......      56%         1    N/A
 Flame Tongue             Conj/Fire      #....        56%         1    N/A
 Infusion                 Chrm           #...         56%         1    N/A
 Magic Dart               Conj           #...         56%         1    N/A
 Pain                     Necr           #...         56%         1    N/A
 Shock                    Conj/Air       #...         56%         1    N/A
 Summon Butterflies       Summ           #.......     56%         1    N/A
 Summon Small Mammal      Summ           #...         56%         1    N/A
 Gell's Gravitas          Tloc           #.........   58%         3    N/A
 Teleport Other           Tloc           #.......     58%         3    N/A
 Call Imp                 Summ           #.......     71%         2    N/A
 Ensorcelled Hibernation  Hex/Ice        #.....       71%         2    N/A
 Poisonous Vapours        Pois/Air       #.....       71%         2    N/A
 Slow                     Hex            #.......     71%         2    N/A
 Song of Slaying          Chrm           #.......     71%         2    N/A
 Swiftness                Chrm/Air       #.......     71%         2    N/A
 Throw Flame              Conj/Fire      #.....       71%         2    N/A
 Call Canine Familiar     Summ           #.......     90%         3    N/A
 Confuse                  Hex            #.......     90%         3    N/A
 Conjure Flame            Conj/Fire      #.......     90%         3    N/A
 Dazzling Spray           Conj/Hex       #.....       90%         3    N/A
 Inner Flame              Hex/Fire       #.......     90%         3    N/A
 Mephitic Cloud           Conj/Pois/Air  #.......     90%         3    N/A
 Spectral Weapon          Hex/Chrm       #.......     90%         3    N/A
 Static Discharge         Conj/Air       #.......     90%         3    N/A
 Summon Guardian Golem    Hex/Summ       #.......     90%         3    N/A
 Tukima's Dance           Hex            #.......     90%         3    N/A
 Vampiric Draining        Necr           #.........   90%         3    N/A
 Passage of Golubria      Tloc           N/A          94%         4    N/A
 Airstrike                Air            #.........   100%        4    N/A
 Animate Dead             Necr           N/A          100%        4    N/A
 Cause Fear               Hex            #.........   100%        4    N/A
 Sticky Flame             Conj/Fire      #.......     100%        4    N/A
 Summon Ice Beast         Ice/Summ       #.......     100%        4    N/A
 Summon Lightning Spire   Summ/Air       #.......     100%        4    N/A
 Alistair's Intoxication  Tmut/Pois      #.......     100%        5    N/A
 Dispel Undead            Necr           #.......     100%        5    N/A
 Fireball                 Conj/Fire      #.........   100%        5    N/A
 Irradiate                Conj/Tmut      #.........   100%        5    N/A
 Lightning Bolt           Conj/Air       #.........   100%        5    N/A
 Silence                  Hex/Air        #.........   100%        5    N/A
 Summon Demon             Summ           #.........   100%        5    N/A
 Summon Forest            Summ/Tloc      #.........   100%        5    N/A
 Summon Mana Viper        Hex/Summ       #.......     100%        5    N/A
 Yara's Violent Unravell  Hex/Tmut       #.........   100%        5    N/A
 Freezing Cloud           Conj/Ice/Air   #.........   100%        6    N/A
 Invisibility             Hex            #.......     100%        6    N/A
 Ring of Flames           Chrm/Fire      #.........   100%        7    N/A
 Summon Hydra             Summ           #.........   100%        7    N/A
 Discord                  Hex            #.........   100%        8    N/A
 Beastly Appendage        Tmut           Unusable     N/A         1    N/A
 Regeneration             Chrm/Necr      Unusable     N/A         3    N/A
 Hydra Form               Tmut           Unusable     N/A         6    N/A
 Statue Form              Tmut/Erth      Unusable     N/A         6    N/A
 Dragon Form              Tmut           Unusable     N/A         7    N/A

Skill      XL: |  1  2  3  4  5  6  7  8  9 10 11 12 13 14 15 16 17 18 19 20 21 |
---------------+----------------------------------------------------------------+-----
Maces & Flails | 2 3 4 5 6 7 9 11 12 14 15 16 | 16.0
Armour         | 1 3 5 6 8 9 10 12 13 14 15 16 | 16.2
Invocations    | 2 5 6 8 9 10 | 10.0
Fighting       | 3 6 9 10 11 12 13 14 15 17 18 19 | 19.1
Shields        | 1 3 5 8 10 12 13 14 | 14.1
Throwing       | |  0.7
Dodging        | |  1.5
Spellcasting   | |  2.6
Translocations | |  2.4

Action                   |  1- 3 |  4- 6 |  7- 9 | 10-12 | 13-15 | 16-18 | 19-21 || total
-------------------------+-------+-------+-------+-------+-------+-------+-------++-------
Melee: Mace              |   166 |     7 |       |       |       |       |       ||   173
       Flail             |       |   111 |   114 |    25 |       |       |       ||   250
       Whip              |       |   107 |   653 |   739 |   233 |       |       ||  1732
       Rapier            |       |       |       |   127 |    15 |       |       ||   142
       Eveningstar       |       |       |       |       |  1446 |  1944 |  1342 ||  4732
       Demon whip        |       |       |       |       |       |       |    80 ||    80
Throw: Boomerang         |     3 |     1 |     8 |       |     1 |       |       ||    13
       Throwing net      |       |       |       |     7 |       |       |       ||     7
Invok: Heroism           |       |       |     2 |    10 |    16 |    18 |     9 ||    55
       Finesse           |       |       |       |     1 |       |     2 |     1 ||     4
Evoke: Wand              |       |       |     8 |    24 |    20 |    21 |     1 ||    74
       Lamp of fire      |       |       |       |     1 |     2 |     2 |     3 ||     8
  Use: Scroll            |       |     8 |    12 |     7 |    16 |     9 |     6 ||    58
 Stab: Paralysed         |       |       |     1 |     2 |       |     4 |       ||     7
       Held in net/web   |       |       |       |    13 |       |       |       ||    13
Armor: Leather armour    |    13 |       |       |       |       |       |       ||    13
       Ring mail         |    57 |    74 |       |       |       |       |       ||   131
       Chain mail        |       |    45 |   366 |    82 |       |       |       ||   493
       Scale mail        |       |       |       |   250 |     6 |       |       ||   256
       Plate armour      |       |       |       |       |   442 |       |   100 ||   542
       Crystal plate arm |       |       |       |       |   483 |  1421 |   527 ||  2431
Dodge: Dodged            |   126 |   147 |   203 |   230 |   278 |   395 |   257 ||  1636
Block: Shield            |       |       |   129 |   417 |  1230 |  1435 |   820 ||  4031
       Reflection        |       |       |     3 |     7 |    87 |     3 |    17 ||   117

Inventory:

Hand Weapons
 a - a +6 eveningstar of flaming (weapon)
 b - a +2 demon whip of electrocution
Missiles
 h - 12 silver boomerangs
 i - 29 boomerangs
 l - 2 boomerangs of dispersal (quivered)
 m - 6 silver javelins
 x - 13 javelins
Armour
 j - a +1 hat of see invisible (worn)
 p - a +2 pair of boots (worn)
 s - the +0 pair of gloves of Kuismox (worn) {MR++ Str+2 Slay+3}

   It affects your strength (+2).
   It affects your accuracy and damage with ranged weapons and melee attacks
   (+3).
   It affects your resistance to hostile enchantments.
 E - a +0 crystal plate armour
 J - a +2 cloak (worn)
 O - the +0 pair of boots of Loss {rPois rF++ rN+ Int-2}

   It affects your intelligence (-2).
   It greatly protects you from fire.
   It protects you from poison.
   It protects you from negative energy.
 P - a +0 shield of reflection (worn)
 Q - a +1 plate armour of fire resistance (worn)
Jewellery
 A - an amulet of guardian spirit (around neck)
 C - an uncursed ring of see invisible
 D - an uncursed ring of fire
 K - the ring "Geaniwan" (right hand) {rC+ MR+ MP+9 Str+7 Dex-2}

   [ring of protection from magic]

   It affects your strength (+7).
   It affects your dexterity (-2).
   It protects you from cold.
   It affects your resistance to hostile enchantments.
   It affects your magic capacity (+9).
 L - the ring of Piohiah (left hand) {rF++ rN+ rCorr Int+2 Dex-4}

   [ring of resist corrosion]

   It affects your intelligence (+2).
   It affects your dexterity (-4).
   It greatly protects you from fire.
   It protects you from negative energy.
   It provides partial protection from all sources of acid and corrosion.
 N - an uncursed ring of protection from cold
Wands
 c - a wand of clouds (6)
 d - a wand of digging (18)
 e - a wand of disintegration (1)
 k - a wand of iceblast (7)
 o - a wand of random effects (66)
 u - a wand of paralysis (7)
 v - a wand of acid (7)
 w - a wand of flame (98)
 z - a wand of polymorph (22)
 G - a wand of enslavement (7)
Scrolls
 f - 7 scrolls of fog
 g - 3 scrolls of immolation
 n - 13 scrolls of remove curse
 r - 15 scrolls of identify
 t - 9 scrolls of teleportation
 y - 9 scrolls of magic mapping
 B - 6 scrolls of blinking
 F - a scroll of silence
 I - 2 scrolls of fear
 M - a scroll of enchant armour
Miscellaneous
 q - a lamp of fire


You were on level 2 of the Elven Halls.
You worshipped Okawaru.
Okawaru was exalted by your worship.
You were not hungry.

You visited 8 branches of the dungeon, and saw 38 of its levels.
You also visited: Sewer and Volcano.

You collected 4628 gold pieces.
You spent 754 gold pieces at shops.

Dungeon Overview and Level Annotations

Branches:
Dungeon (15/15)            Temple (1/1) D:5            Lair (6/6) D:8
  Swamp (4/4) Lair:4       Spider (4/4) Lair:4        Slime (0/5) Lair:5
    Orc (2/2) D:9             Elf (2/3) Orc:2        Vaults (4/5) D:14
  Crypt (0/3) Vaults:2     Depths (0/5) D:15

Altars:
Elyvilon
Gozag
Kikubaaqudgha
Nemelex Xobeh
Okawaru
Ru
Sif Muna
Trog
Uskayaw
Wu Jian
Xom
Jiyva

Shops:
D:10 :   D:12 (   D:14 [   Orc:2 [[[(   Vaults:1 %[

Portals:
Trove: Elf:1 (give 14 scrolls of teleportation)

Annotations:
Lair:6 exclusion: 4 oklob plants
Vaults:4 shift

## #...##
##.........###....##
# #...##
##........## ##..##
#..(.# #..........#
..#
#....###...........#
...#
#.....#.............
..
#.................
#.................
#......(()(e......
#......)))@.(.....
#........)....(...
#.....#...........
#....###..........
#.... #..........
#...# ##........# #
#... #...(..(.. #
.......... #


You could see a deep elf mage and a +2 trident of piercing.

Notes
Turn   | Place    | Note
-------+----------+-------------------------------------------
     0 | D:1      | theanonym the Mummy Warper began the quest for the Orb.
     0 | D:1      | Reached XP level 1. HP: 16/16 MP: 4/4
   130 | D:1      | Reached skill level 2 in Maces & Flails
   469 | D:1      | Reached XP level 2. HP: 13/22 MP: 5/5
   829 | D:1      | HP: 11/22 [hobgoblin/+0 club (2)]
   872 | D:1      | HP: 10/22 [rat (3)]
  1293 | D:1      | Reached XP level 3. HP: 26/27 MP: 7/7
  1304 | D:1      | Reached skill level 3 in Maces & Flails
  1437 | D:2      | HP: 11/27 [worm (4)]
  1438 | D:2      | HP: 5/27 [worm (6)]
  2118 | D:2      | Noticed Jessica
  2145 | D:2      | Killed Jessica
  2145 | D:2      | Reached XP level 4. HP: 28/33 MP: 8/8
  2203 | D:2      | Found an ancient bone altar of Kikubaaqudgha.
  2583 | D:3      | Reached skill level 4 in Maces & Flails
  2835 | D:3      | Found a hide-covered altar of Uskayaw.
  2840 | D:3      | Found a sacrificial altar of Ru.
  3195 | D:3      | Noticed a centaur
  3207 | D:3      | HP: 12/33 [centaur (8)]
  3211 | D:3      | Killed a centaur
  3211 | D:3      | Reached XP level 5. HP: 14/38 MP: 9/9
  3214 | D:3      | HP: 13/38 [leopard gecko (1)]
  3724 | D:4      | Reached skill level 5 in Maces & Flails
  3789 | D:4      | Found an ornate altar of the Wu Jian Council.
  3958 | D:4      | Noticed Eustachio
  3971 | D:4      | HP: 16/38 [river rat[Eustachio] (7)]
  3975 | D:4      | Killed Eustachio
  3975 | D:4      | Reached XP level 6. HP: 17/44 MP: 10/10
  4339 | D:4      | Reached skill level 6 in Maces & Flails
  4661 | D:5      | Entered Level 5 of the Dungeon
  4666 | D:5      | Found a staircase to the Ecumenical Temple.
  4673 | Temple   | Entered the Ecumenical Temple
  4698 | Temple   | Became a worshipper of Warmaster Okawaru
  4834 | D:5      | Reached XP level 7. HP: 48/50 MP: 11/11
  5020 | D:5      | Found a glowing drain.
  5042 | Sewer    | Entered a sewer
  5790 | D:5      | Reached skill level 7 in Maces & Flails
  5805 | D:5      | HP: 25/50 [orc/+0 trident (3)]
  6269 | D:5      | Reached skill level 1 in Armour
  6316 | D:5      | HP: 19/50 [gnoll sergeant/+0 spear (7)]
  6320 | D:5      | Reached * piety under Okawaru
  6324 | D:5      | HP: 13/50 [howler monkey zombie (1)]
  6343 | D:5      | HP: 14/51 [crimson imp (3)]
  6355 | D:5      | HP: 15/51 [crimson imp (1)]
  6362 | D:5      | HP: 14/51 [crimson imp (1)]
  6702 | D:5      | Reached XP level 8. HP: 57/57 MP: 12/12
  7099 | D:5      | Reached skill level 8 in Maces & Flails
  7129 | D:5      | Reached skill level 2 in Armour
  7470 | D:5      | Reached ** piety under Okawaru
  7470 | D:5      | Reached skill level 1 in Invocations
  7589 | D:5      | HP: 26/57 [ice beast (6)]
  7605 | D:5      | HP: 26/57 [ice beast (3)]
  7610 | D:5      | Reached skill level 2 in Invocations
  8104 | D:6      | Reached skill level 9 in Maces & Flails
  8231 | D:6      | Found a deep blue altar of Sif Muna.
  8519 | D:6      | Noticed a troll
  8553 | D:6      | HP: 23/57 [troll (10)]
  8554 | D:6      | HP: 9/57 [troll (8)]
  8563 | D:6      | HP: 5/57 [troll (2)]
  8564 | D:6      | Killed a troll
  8564 | D:6      | Reached skill level 3 in Armour
  8564 | D:6      | Reached XP level 9. HP: 6/62 MP: 11/13
  8917 | D:7      | Found an opulent altar of Gozag.
  9051 | D:7      | Paralysed by an orc for 6 turns
  9703 | D:8      | Noticed Pikel
  9787 | D:8      | Killed Pikel
  9787 | D:8      | Reached *** piety under Okawaru
  9787 | D:8      | Reached skill level 10 in Maces & Flails
  9787 | D:8      | Reached skill level 4 in Armour
 10174 | D:8      | HP: 24/62 [porcupine's spines (17)]
 10175 | D:8      | Reached **** piety under Okawaru
 10216 | D:8      | Noticed Harold
 10219 | D:8      | HP: 20/62 [Harold/harpoon shot (4)]
 10220 | D:8      | HP: 4/62 [Harold/+0 glaive (16)]
 10544 | D:8      | HP: 28/62 [porcupine (6)]
 10550 | D:8      | HP: 17/62 [Harold/+0 glaive (3)]
 10552 | D:8      | Killed Harold
 10552 | D:8      | Reached skill level 11 in Maces & Flails
 10552 | D:8      | Reached skill level 5 in Armour
 10552 | D:8      | Reached XP level 10. HP: 13/68 MP: 14/14
 10556 | D:8      | HP: 5/68 [porcupine's spines (9)]
 11014 | D:8      | Noticed Erica
 11026 | D:8      | Killed Erica
 11026 | D:8      | Reached ***** piety under Okawaru
 11162 | D:8      | Found a staircase to the Lair.
 11483 | Lair:1   | Entered Level 1 of the Lair of Beasts
 11490 | Lair:1   | Noticed Gastronok
 11529 | Lair:1   | Killed Gastronok
 11529 | Lair:1   | Received a gift from Okawaru
 11529 | Lair:1   | Reached skill level 12 in Maces & Flails
 11529 | Lair:1   | Reached skill level 6 in Armour
 11534 | Lair:1   | Got a transparent rapier {god gift}
 11535 | Lair:1   | Identified the +8 rapier of Regicide {elec, rC+ rN+}
                  | (Okawaru gifted it to you on level 1 of the Lair of Beasts)
 11633 | Lair:1   | Noticed Fannar
 11665 | Lair:1   | Got a smoking scale mail
 11710 | Lair:1   | HP: 34/68 [wolf (1)]
 11716 | D:8      | HP: 28/68 [wolf (8)]
 12098 | Lair:1   | Killed Fannar
 12098 | Lair:1   | Reached skill level 3 in Fighting
 12098 | Lair:1   | Reached XP level 11. HP: 55/75 MP: 15/15
 12219 | Lair:1   | Reached skill level 3 in Invocations
 12554 | Lair:1   | Identified the +5 scale mail of the Jabberwock {MR+ Stlth+}
                  | (You found it on level 1 of the Lair of Beasts)
 12964 | Lair:2   | Noticed a seven-headed hydra
 12970 | Lair:2   | HP: 30/75 [seven-headed hydra (13)]
 12972 | Lair:2   | Killed a seven-headed hydra
 12972 | Lair:2   | Received a gift from Okawaru
 12972 | Lair:2   | Reached skill level 4 in Fighting
 12972 | Lair:2   | Reached skill level 7 in Armour
 13206 | Lair:2   | theanonym: !lg . killer=goblin -log
 13206 | Lair:2   | beem: 23. theanonym, XL1 MuWr, T:46:
                  | https://crawl.xtahua.com/crawl/morgue/theanonym/morgue-thea
                  | nonym-20190529-050406.txt
 13435 | Lair:2   | Reached skill level 4 in Invocations
 14249 | Lair:3   | HP: 28/78 [blink frog (13)]
 14254 | Lair:3   | HP: 28/78 [blink frog (1)]
 14274 | Lair:3   | Reached skill level 5 in Fighting
 14542 | Lair:3   | HP: 36/79 [black mamba (11)]
 14995 | Lair:3   | Noticed an ice dragon
 15021 | Lair:3   | HP: 32/80 [ice dragon (13)]
 15028 | Lair:3   | Killed an ice dragon
 15028 | Lair:3   | Reached skill level 5 in Invocations
 15361 | Lair:3   | Reached skill level 8 in Armour
 15520 | Lair:3   | HP: 39/81 [black mamba (3)]
 15523 | Lair:3   | Reached skill level 6 in Fighting
 15528 | Lair:3   | HP: 30/81 [komodo dragon (10)]
 16551 | Lair:4   | Received a gift from Okawaru
 16560 | Lair:4   | Reached skill level 1 in Shields
 16568 | Lair:4   | HP: 38/83 [redback (8)]
 16788 | Lair:4   | Found a hole to the Spider Nest.
 16867 | Lair:4   | Reached XP level 12. HP: 75/89 MP: 16/16
 16879 | Lair:4   | Received a gift from Okawaru
 16882 | Lair:4   | Reached skill level 2 in Shields
 16893 | Lair:4   | Reached ****** piety under Okawaru
 16894 | Lair:4   | Got a pair of warped gloves {god gift}
 16900 | Lair:4   | Identified the +0 pair of gloves of Kuismox {MR++ Str+2
                  | Slay+3} (Okawaru gifted it to you on level 4 of the Lair of
                  | Beasts)
 16952 | Lair:4   | Reached skill level 7 in Fighting
 17301 | Lair:4   | Reached skill level 3 in Shields
 17432 | Lair:4   | Found a staircase to the Swamp.
 17744 | Lair:4   | Reached skill level 9 in Armour
 18099 | Lair:5   | Noticed a death yak
 18126 | Lair:5   | Killed a death yak
 18150 | Lair:5   | HP: 37/92 [komodo dragon (19)]
 18173 | Lair:5   | Reached skill level 8 in Fighting
 18175 | Lair:5   | HP: 35/92 [yak (4)]
 18188 | Lair:5   | HP: 7/92 [komodo dragon (18)]
 18546 | Lair:5   | Found a viscous altar of Jiyva.
 18546 | Lair:5   | Found a staircase to the Slime Pits.
 18616 | Lair:5   | Found a dark tunnel.
 18629 | Volcano  | Entered a volcano
 18905 | Volcano  | Found a burning altar of Makhleb.
 18920 | Volcano  | Reached skill level 6 in Invocations
 18932 | Volcano  | HP: 28/94 [earth elemental (24)]
 19280 | Volcano  | HP: 35/94 [molten gargoyle/bolt of magma (27)]
 19526 | Volcano  | Noticed a stone giant
 19544 | Volcano  | Killed a stone giant
 19544 | Volcano  | Received a gift from Okawaru
 19649 | Volcano  | HP: 37/94 [molten gargoyle/bolt of magma (12)]
 19655 | Volcano  | HP: 11/94 [molten gargoyle/bolt of magma (27)]
 20343 | Lair:5   | You fall into a shaft and drop 1 floor!
 20343 | Lair:6   | Entered Level 6 of the Lair of Beasts
 20384 | Lair:6   | HP: 42/94 [black mamba (9)]
 20385 | Lair:6   | Reached skill level 9 in Fighting
 20390 | Lair:6   | HP: 38/95 [wolf (5)]
 20413 | Lair:6   | HP: 23/95 [spiny frog (19)]
 20425 | Lair:5   | HP: 6/95 [spiny frog (19)]
 20431 | Lair:5   | Gained mutation: You are in touch with the powers of death.
                  | [Mummy growth]
 20431 | Lair:5   | Reached XP level 13. HP: 7/101 MP: 16/18
 20483 | Lair:5   | HP: 14/101 [crocodile (7)]
 20571 | Lair:5   | HP: 29/101 [black mamba (7)]
 20578 | Lair:5   | Reached skill level 7 in Invocations
 20921 | Lair:5   | Got a translucent wooden ring
 20923 | Lair:5   | Identified the ring "Geaniwan" {rC+ MR+ MP+9 Str+7 Dex-2}
                  | (You found it on level 5 of the Lair of Beasts)
 20936 | Lair:5   | Reached skill level 10 in Armour
 21877 | Lair:6   | Noticed a fire dragon
 21889 | Lair:6   | HP: 40/101 [fire dragon/blast of flame (31)]
 22580 | Lair:6   | Received a gift from Okawaru
 22580 | Lair:6   | Reached skill level 10 in Fighting
 22718 | Lair:6   | Reached skill level 8 in Invocations
 23116 | Lair:6   | Received a gift from Okawaru
 23197 | Lair:6   | Found a runed translucent door.
 23332 | Lair:6   | HP: 37/104 [tyrant leech (18)]
 24234 | D:9      | Noticed Psyche
 24532 | D:8      | Received a gift from Okawaru
 24533 | D:8      | Got a pair of heavily runed boots {god gift}
 24549 | D:8      | Identified the +0 pair of boots of Okawaru's Approval {rN+
                  | Dex+4} (Okawaru gifted it to you on level 8 of the Dungeon)
 24869 | D:9      | Killed Psyche
 24869 | D:9      | Reached XP level 14. HP: 88/111 MP: 20/20
 24915 | D:9      | Reached skill level 11 in Armour
 24975 | D:9      | HP: 55/111 [orc/bolt of acid (21)]
 24977 | D:9      | HP: 27/111 [acid (12)]
 25282 | D:9      | Found a staircase to the Orcish Mines.
 25319 | Orc:1    | Entered Level 1 of the Orcish Mines
 25513 | Orc:2    | Entered Level 2 of the Orcish Mines
 25634 | Orc:1    | Reached skill level 13 in Maces & Flails
 26052 | Orc:1    | Reached skill level 11 in Fighting
 26375 | Orc:2    | HP: 43/113 [orc warrior/+0 halberd (19)]
 26381 | Orc:2    | HP: 30/113 [orc warrior/bolt (15)]
 26403 | Orc:2    | HP: 28/113 [orc warrior/+0 war axe (8)]
 26819 | Orc:2    | Found a staircase to the Elven Halls.
 27201 | Orc:2    | Found Cilixtoa's Armour Shop.
 27201 | Orc:2    | Found Cesom's Antique Armour Shoppe.
 27203 | Orc:2    | Found Ocikonyb's Weapon Emporium.
 27205 | Orc:2    | Found Vaddunet's Armour Boutique.
 27210 | Orc:2    | Bought a shiny shield for 292 gold pieces
 27362 | Orc:2    | Bought a +3 plate armour of poison resistance for 462 gold
                  | pieces
 27647 | D:10     | Entered Level 10 of the Dungeon
 27648 | D:10     | Found Calei's Book Shoppe.
 28560 | D:11     | HP: 55/113 [yak (6)]
 29065 | D:12     | Found Moelleug's Antique Weapon Shop.
 29142 | D:12     | Received a gift from Okawaru
 30949 | Lair:6   | HP: 55/113 [acid (10)]
 31215 | Lair:6   | HP: 44/113 [acid (13)]
 31659 | D:13     | Reached skill level 14 in Maces & Flails
 31842 | D:13     | Identified a scroll of acquirement
 31844 | D:13     | Got a faintly glowing amber ring
 31845 | D:13     | Identified the ring of Piohiah {rF++ rN+ rCorr Int+2 Dex-4}
                  | (You acquired it on level 13 of the Dungeon)
 32297 | D:13     | Got a scorched buckler
 32298 | D:13     | Identified the +1 buckler of Precision Catastrophes {Str+5
                  | Dex-4} (You acquired it on level 13 of the Dungeon)
 32421 | D:14     | Noticed Louise
 32444 | D:14     | Killed Louise
 32444 | D:14     | Received a gift from Okawaru
 32557 | D:14     | Found Sucawud's Armour Boutique.
 32746 | D:14     | Reached skill level 12 in Armour
 32751 | D:14     | HP: 55/113 [harpy (10)]
 32761 | D:14     | Reached XP level 15. HP: 38/119 MP: 21/21
 33505 | D:14     | Found a gate to the Vaults.
 33724 | D:15     | Entered Level 15 of the Dungeon
 33761 | D:15     | Noticed Azrael
 33808 | D:15     | Killed Azrael
 33810 | D:15     | HP: 56/119 [vampire mosquito (6)]
 33815 | D:15     | HP: 53/119 [fire elemental[Azrael] (4)]
 33821 | D:15     | HP: 52/119 [orc wizard/puff of frost (2)]
 34189 | D:15     | Reached skill level 15 in Maces & Flails
 34329 | D:15     | Received a gift from Okawaru
 34539 | D:15     | Found a staircase to the Depths.
 35153 | Swamp:1  | Entered Level 1 of the Swamp
 35185 | Swamp:1  | HP: 50/119 [alligator (15)]
 35901 | Swamp:1  | Noticed Kirke
 35912 | Swamp:1  | Killed Kirke
 35940 | Swamp:1  | Noticed Aizul
 35954 | Swamp:1  | Killed Aizul
 36193 | Swamp:1  | HP: 60/120 [insubstantial wisp/static electricity (8)]
 36204 | Swamp:1  | HP: 52/120 [insubstantial wisp/static electricity (8)]
 36209 | Swamp:1  | HP: 48/120 [insubstantial wisp/static electricity (3)]
 36267 | Swamp:1  | HP: 53/120 [insubstantial wisp/static electricity (9)]
 37296 | Swamp:2  | Reached skill level 12 in Fighting
 37336 | Swamp:2  | Received a gift from Okawaru
 37393 | Swamp:2  | Reached XP level 16. HP: 86/127 MP: 22/22
 38260 | Swamp:3  | Noticed a thorn hunter
 38286 | Swamp:3  | Reached skill level 16 in Maces & Flails
 38290 | Swamp:3  | Reached skill level 13 in Armour
 38308 | Swamp:3  | HP: 63/127 [thorn hunter (7)]
 38312 | Swamp:3  | Killed a thorn hunter
 38318 | Swamp:3  | HP: 28/127 [tyrant leech (9)]
 38324 | Swamp:3  | HP: 20/127 [alligator (10)]
 39061 | Swamp:3  | Received a gift from Okawaru
 39061 | Swamp:3  | Reached skill level 4 in Shields
 39551 | Swamp:3  | Noticed Bai Suzhen
 39571 | Swamp:3  | Killed Bai Suzhen
 39571 | Swamp:3  | Reached skill level 9 in Invocations
 39745 | Swamp:4  | Entered Level 4 of the Swamp
 40153 | Spider:1 | Entered Level 1 of the Spider Nest
 40202 | Spider:1 | Reached skill level 5 in Shields
 40490 | Spider:1 | HP: 62/129 [wolf spider (6)]
 40492 | Spider:1 | Received a gift from Okawaru
 40497 | Spider:1 | Got a pair of pitted boots {god gift}
 40498 | Spider:1 | Identified the +0 pair of boots of Loss {rPois rF++ rN+
                  | Int-2} (Okawaru gifted it to you on level 1 of the Spider
                  | Nest)
 40926 | Spider:1 | Reached skill level 13 in Fighting
 41547 | Spider:2 | Reached XP level 17. HP: 123/137 MP: 24/24
 41796 | Spider:2 | Reached skill level 6 in Shields
 41803 | Spider:2 | Reached skill level 10 in Invocations
 42422 | Spider:2 | HP: 65/137 [tarantella (6)]
 42428 | Spider:2 | HP: 48/137 [tarantella (4)]
 43135 | Spider:3 | Received a gift from Okawaru
 43547 | Spider:4 | Entered Level 4 of the Spider Nest
 43547 | Spider:4 | Noticed Arachne
 43590 | Spider:3 | Killed Arachne
 43590 | Spider:3 | Reached skill level 14 in Armour
 43910 | Spider:4 | Reached skill level 7 in Shields
 44493 | Spider:4 | HP: 69/138 [jumping spider (9)]
 44499 | Spider:4 | HP: 47/138 [jumping spider (8)]
 44502 | Spider:4 | Reached skill level 14 in Fighting
 45264 | Spider:4 | Received a gift from Okawaru
 45267 | Spider:4 | Got a jewelled flail {god gift}
 45268 | Spider:4 | Identified the +2 flail of Income {drain, rPois MR+ Stlth-}
                  | (Okawaru gifted it to you on level 4 of the Spider Nest)
 45411 | Spider:4 | Reached skill level 8 in Shields
 45415 | Spider:4 | Got a gossamer rune of Zot
 45772 | Swamp:4  | HP: 59/140 [swamp worm/harpoon shot[a spriggan druid] (13)]
 45792 | Swamp:4  | HP: 46/140 [spectral anaconda[a ghost crab] (2)]
 46443 | Swamp:4  | Identified Roxanne's Collected Works on Changing
 46443 | Swamp:4  | Noticed Roxanne
 46466 | Swamp:4  | Killed Roxanne
 46720 | Swamp:4  | HP: 70/140 [tyrant leech (3)]
 46725 | Swamp:4  | HP: 69/140 [tyrant leech (2)]
 46728 | Swamp:4  | Received a gift from Okawaru
 46739 | Swamp:4  | HP: 64/140 [spectral swamp dragon (1)]
 46808 | Swamp:4  | HP: 70/140 [spectral seven-headed hydra[a ghost crab] (5)]
 46812 | Swamp:4  | Reached XP level 18. HP: 50/147 MP: 21/25
 46824 | Swamp:4  | HP: 53/147 [spectral swamp dragon (2)]
 46887 | Swamp:4  | HP: 70/147 [alligator zombie (1)]
 46905 | Swamp:4  | Noticed a bone dragon
 47462 | Swamp:4  | Killed a bone dragon
 47703 | Swamp:4  | Got a decaying rune of Zot
 48035 | Vaults:1 | Entered Level 1 of the Vaults
 48153 | Vaults:1 | Reached skill level 9 in Shields
 48170 | Vaults:1 | HP: 72/148 [vault warden/+0 glaive (8)]
 48180 | Vaults:1 | HP: 71/148 [tarantella (shapeshifter) (4)]
 48181 | Vaults:1 | Reached skill level 15 in Fighting
 48206 | Vaults:1 | HP: 58/149 [yaktaur captain (12)]
 48211 | Vaults:1 | HP: 45/149 [cyclops/large rock (4)]
 48216 | Vaults:1 | HP: 35/149 [centaur warrior/arrow[a glowing orange brain]
                  | (11)]
 48651 | Vaults:1 | Reached skill level 15 in Armour
 49020 | Vaults:1 | Received a gift from Okawaru
 49111 | Vaults:1 | Found Xybuvich's Food Shoppe.
 49640 | Vaults:1 | Found Yxotiuj's Antique Armour Shoppe.
 49670 | Vaults:1 | Reached skill level 10 in Shields
 50094 | Vaults:2 | Noticed Xtahua
 50115 | Vaults:2 | Killed Xtahua
 50140 | Vaults:2 | HP: 74/151 [yaktaur/bolt (8)]
 50432 | Vaults:2 | Reached XP level 19. HP: 139/157 MP: 26/26
 50559 | Vaults:2 | Reached skill level 16 in Fighting
 50637 | Vaults:2 | Received a gift from Okawaru
 50936 | Vaults:2 | Received a gift from Okawaru
 51126 | Vaults:2 | Noticed Mara
 51127 | Vaults:2 | Noticed theanonym's illusion
 51207 | Vaults:2 | Noticed Frederick
 51214 | Vaults:2 | Killed Frederick
 51408 | Vaults:2 | Reached skill level 11 in Shields
 51610 | Vaults:2 | Reached skill level 16 in Armour
 51665 | Vaults:2 | Found a staircase to the Crypt.
 52477 | Vaults:3 | HP: 77/159 [redback[a deep elf mage] (4)]
 52539 | Vaults:3 | HP: 74/159 [wolf spider (7)]
 52568 | Vaults:3 | HP: 62/159 [ogre/+0 giant club[an ironheart preserver] (4)]
 52578 | Vaults:3 | HP: 40/159 [ogre/+0 giant club (3)]
 52588 | Vaults:3 | HP: 38/159 [orc warrior/+0 flail[an orc knight] (3)]
 52884 | Vaults:3 | Reached skill level 17 in Fighting
 53062 | Vaults:3 | Received a gift from Okawaru
 53563 | Vaults:3 | Reached skill level 12 in Shields
 53660 | Vaults:3 | Reached XP level 20. HP: 88/168 MP: 19/27
 53870 | Vaults:3 | Learned a level 1 spell: Apportation
 53873 | Vaults:3 | Learned a level 2 spell: Blink
 53877 | Vaults:3 | Learned a level 3 spell: Lesser Beckoning
 53884 | Vaults:3 | Learned a level 6 spell: Deflect Missiles
 53912 | Vaults:3 | Identified the +2 rapier of the Disturbing Souls {chaos,
                  | MR+ Dex+2}
 55376 | Vaults:4 | Reached skill level 18 in Fighting
 55381 | Vaults:4 | Received a gift from Okawaru
 55382 | Vaults:4 | Identified the +2 pair of gloves of the Land of Plenty
                  | {+Inv +Fly MR+} (Okawaru gifted it to you on level 4 of the
                  | Vaults)
 55589 | Vaults:4 | Reached skill level 13 in Shields
 56406 | Elf:1    | Entered Level 1 of the Elven Halls
 56436 | Elf:1    | Noticed Donald
 56446 | Elf:1    | Killed Donald
 56580 | Elf:1    | Identified the Almanac of Stolen Souls
 56714 | Elf:1    | Identified the Catalogue of the Six Friends
 57222 | Elf:1    | Found a deep blue altar of Sif Muna.
 57415 | Elf:1    | Found a portal to a secret trove of treasure.
 57455 | Elf:1    | HP: 80/172 [orc knight/+1 bardiche (7)]
 57467 | Elf:1    | HP: 77/172 [orc knight/+0 bardiche of venom (7)]
 57474 | Elf:1    | HP: 48/172 [orc warlord/+1 broad axe of flaming (31)]
 57992 | Elf:1    | Received a gift from Okawaru
 58506 | Vaults:2 | HP: 76/172 [Mara/bolt of fire (14)]
 58512 | Vaults:2 | HP: 64/172 [Mara/+2 demon whip of electrocution (14)]
 58513 | Vaults:2 | Killed Mara
 59411 | Elf:2    | Reached XP level 21. HP: 178/179 MP: 28/28
 59473 | Elf:2    | Reached skill level 19 in Fighting
 59473 | Elf:2    | Reached skill level 14 in Shields
 59480 | Elf:2    | Found a huge runed translucent gate.
 59480 | Elf:2    | Found a huge runed translucent gate.
 59481 | Elf:2    | Found a huge runed translucent gate.
 59482 | Elf:2    | Found a huge runed translucent gate.
 59488 | Elf:2    | Found a huge runed translucent gate.
 59762 | Elf:2    | Received a gift from Okawaru
 60033 | Elf:2    | HP: 90/180 [+1 halberd of venom (13)]
 60039 | Elf:2    | HP: 69/180 [deep elf mage/bolt of lightning (9)]
 60047 | Elf:2    | HP: 56/180 [+2 trident of piercing (6)]
 60050 | Elf:2    | HP: 17/180 [deep elf mage/bolt of lightning (17)]
 60053 | Elf:2    | HP: 7/180 [deep elf mage/bolt of lightning (10)]
 60053 | Elf:2    | Killed from afar by a deep elf mage

Vanquished Creatures
  Mara (Vaults:2)
  Bai Suzhen (Swamp:3)
  Frederick (Vaults:2)
  Xtahua (Vaults:2)
  A bone dragon (Swamp:4)
  Arachne (Spider:3)
  Gastronok (Lair:1)
  Kirke (Swamp:1)
  A thorn hunter (Swamp:3)
  Donald (Elf:1)
  A fire giant (Vaults:4)
  2 frost giants
  Roxanne (Swamp:4)
  Aizul (Swamp:1)
  7 deep elf sorcerers
  An orc warlord (Elf:1)
  Louise (D:14)
  9 vault wardens
  3 ghost moths (Spider:4)
  5 emperor scorpions
  A war gargoyle (Vaults:2)
  14 ironheart preservers
  A very ugly thing (Swamp:2)
  4 entropy weavers
  A vampire knight (Vaults:2)
  5 stone giants
  Azrael (D:15)
  5 deep elf demonologists
  A spark wasp (Spider:4)
  3 deep elf annihilators
  3 ettins
  A deep elf death mage (Elf:1)
  4 fire dragons
  9 yaktaur captains
  Fannar (Lair:1)
  Harold (D:8)
  9 vault guards
  14 hydras
  6 ice dragons
  3 ghost crabs (Swamp:4)
  A rakshasa (Vaults:1)
  2 shambling mangroves
  7 centaur warriors
  3 death knights
  23 two-headed ogres
  20 dancing weapons
  10 ogre magi
  Erica (D:8)
  A death yak (Lair:5)
  A tengu warrior (D:14)
  12 alligators
  3 orc high priests
  A shock serpent (shapeshifter) (Vaults:3)
  17 deep elf knights
  A soul eater (Vaults:2)
  3 skeletal warriors (Vaults:3)
  3 deep trolls (Vaults:2)
  2 shadow wraiths
  3 unseen horrors
  2 large abominations (Elf:1)
  A spriggan druid (Swamp:4)
  4 swamp dragons
  2 flayed ghosts (Vaults:4)
  A glowing orange brain (Vaults:1)
  2 lindwurms (Lair:6)
  16 ironbrand convokers
  Pikel (D:8)
  15 orc knights
  7 harpies
  4 wizards
  2 necromancers
  2 phantasmal warriors
  6 deep elf archers
  47 deep elf magi
  26 wolf spiders
  3 orc sorcerers
  A manticore (D:15)
  23 orb spiders
  7 cyclopes
  28 ugly things
  A naga mage (D:15)
  3 moths of wrath
  6 elephants (Lair:6)
  2 molten gargoyles (Volcano)
  4 black mambas
  11 vault sentinels
  10 torpor snails
  17 spiny frogs
  Psyche (D:9)
  A gargoyle (D:14)
  2 rime drakes
  3 swamp worm zombies (Swamp:4)
  6 komodo dragons
  A redback zombie (D:14)
  34 yaktaurs
  4 tengu conjurers
  An efreet (Volcano)
  A komodo dragon (shapeshifter) (Vaults:3)
  3 hydra zombies (Swamp:4)
  10 freezing wraiths
  9 demonic crawlers
  8 trolls
  A queen bee (shapeshifter) (Vaults:1)
  37 jumping spiders
  A wind drake (shapeshifter) (Vaults:1)
  A troll (shapeshifter) (Vaults:3)
  22 tyrant leeches
  3 polar bears (Lair:5)
  5 spectral swamp dragons (Swamp:4)
  27 hornets
  11 blink frogs
  9 hippogriffs
  8 bog bodies
  A raiju (shapeshifter) (Vaults:1)
  21 slime creatures
  A stone giant simulacrum (Vaults:3)
  4 alligator zombies (Swamp:4)
  5 spriggans
  2 air elementals
  2 vampires
  A water elemental (Elf:2)
  79 redbacks
  10 shadows
  2 centaur simulacra (D:15)
  62 yaks
  A flying skull (Vaults:2)
  A tarantella (shapeshifter) (Vaults:1)
  2 hogs (Swamp:1)
  2 wraiths
  32 tarantellas
  5 fire elementals
  2 basilisks
  2 fire bats (shapeshifter)
  A fire bat (Volcano)
  A wyvern (Lair:3)
  Eustachio (D:4)
  2 hungry ghosts (D:13)
  8 vampire mosquitoes
  4 steam dragons
  15 swamp worms
  34 insubstantial wisps
  6 acid dragons
  5 wargs
  15 water moccasins
  12 porcupines
  2 hell hounds (D:15)
  57 orc warriors
  An ice beast (D:5)
  2 slaves (D:8)
  9 swamp drakes
  A necrophage (D:8)
  An ettin simulacrum (Vaults:3)
  3 sky beasts
  An ogre (shapeshifter) (Vaults:4)
  12 phantoms
  3 swamp dragon zombies (Swamp:4)
  16 wolves
  3 boggarts (Vaults:1)
  19 ogres
  23 centaurs
  13 crocodiles
  3 elf zombies (Elf:1)
  2 human zombies (Vaults:2)
  15 bullfrogs
  5 earth elementals
  A gnoll sergeant (D:5)
  2 glowing shapeshifter simulacra (Vaults:2)
  7 scorpions
  An elf simulacrum (Vaults:1)
  A human simulacrum (Vaults:1)
  6 killer bees
  9 wights
  8 electric eels
  3 howler monkeys
  12 crimson imps
  2 bullfrog zombies
  2 centaur zombies
  5 lava snakes (Volcano)
  8 hounds
  3 jellies
  9 centaur skeletons
  25 orc wizards
  6 iguanas
  21 orc priests
  Jessica (D:2)
  A bullfrog skeleton (D:9)
  A spectral swamp drake (Swamp:4)
  10 worker ants
  A killer bee zombie (D:5)
  A hound skeleton (D:5)
  A worker ant zombie (D:6)
  A howler monkey zombie (D:5)
  A gnoll (D:4)
  A howler monkey skeleton (D:6)
  8 river rats
  2 swamp drake zombies (Swamp:4)
  22 adders
  3 shadow imps
  An ufetubus (Vaults:1)
  2 adder zombies
  2 adder skeletons
  4 worms
  2 dart slugs (D:1)
  15 leopard geckos
  103 orcs
  9 ball pythons
  A bat zombie (D:2)
  4 giant cockroaches
  5 goblins
  9 hobgoblins
  10 jackals
  7 quokkas
  7 bats
  A frilled lizard (D:1)
  2 jackal skeletons
  28 kobolds
  28 rats
  2 plants (Lair:3)
1664 creatures vanquished.

Vanquished Creatures (collateral kills)
  An orc warrior (Orc:2)
  A centaur (Orc:2)
2 creatures vanquished.

Vanquished Creatures (others)
  An alligator (Swamp:3)
  An orc knight (Orc:2)
  A demonic crawler (Spider:4)
  A tyrant leech (Swamp:3)
  2 jumping spiders
  2 redbacks
  A slave (D:8)
  A vampire mosquito (D:15)
  A porcupine (D:8)
  An orc warrior (Orc:2)
  A swamp dragon zombie (Swamp:4)
  6 centaurs
  2 orc wizards
  9 orcs
  A bush (Lair:6)
  50 fungi
  55 plants
136 creatures vanquished.

Grand Total: 1802 creatures vanquished

Table legend:
 A = Turns spent in this place as a percentage of turns spent in the entire game.
 B = Non-inter-level travel turns spent in this place as a percentage of non-inter-level travel turns spent in the entire game.
 C = Inter-level travel turns spent in this place as a percentage of turns spent in this place.
 D = Turns resting spent in this place as a percentage of non-inter-level travel turns spent in this place.
 E = Turns spent auto-exploring this place as a percentage of non-inter-level travel turns spent in this place.
 F = Non-inter-level travel turns spent in this place divided by the number of levels of this place that you've seen.
                   A       B       C       D       E      F
               +-------+-------+-------+-------+-------+----------------------
         Total | 100.0 | 100.0 |   6.6 |  41.2 |  36.5 | 1402.0
       Dungeon |  31.2 |  30.6 |   8.5 |  38.5 |  41.2 | 1145.1
        Temple |   0.1 |   0.0 |  47.1 |   0.0 |   0.0 |  27.0
          Lair |  22.0 |  22.0 |   6.5 |  44.3 |  38.3 | 2057.5
         Swamp |  11.4 |  11.6 |   5.2 |  47.7 |  28.0 | 1624.2
   Spider Nest |   9.1 |   9.3 |   4.1 |  47.4 |  22.4 | 1304.8
  Orcish Mines |   4.2 |   4.0 |  10.0 |  47.2 |  35.1 | 1124.0
   Elven Halls |   4.2 |   4.4 |   3.2 |  22.6 |  53.4 | 1223.0
        Vaults |  14.4 |  14.4 |   6.8 |  32.6 |  41.1 | 2017.0
         Sewer |   1.1 |   1.2 |   0.0 |  27.4 |  37.0 | 690.0
       Volcano |   2.3 |   2.4 |   0.0 |  74.5 |   2.1 | 1362.0
               +-------+-------+-------+-------+-------+----------------------
